 Dungeon Crawl Stone Soup version 0.30-a0-39-g42789b21ef (webtiles) character file.

Game seed: 17126606962799951006

54 BritishOli the Trooper (level 3, -2/30 HPs)
             Began as a Demonspawn Fighter on Aug 29, 2022.
             Slain by a worm (4 damage)
             ... on level 2 of the Dungeon.
             The game lasted 00:00:48 (1109 turns).

BritishOli the Trooper (Demonspawn Fighter)         Turns: 1109, Time: 00:00:49

Health: -2/30      AC:  6    Str: 18    XL:     3   Next: 66%
Magic:  3/3        EV:  9    Int:  9    God:
Gold:   97         SH:  4    Dex: 12    Spells: 2/2 levels left

rFire   . . .      SeeInvis .    a - +0 long sword
rCold   . . .      Faith    .    c - +0 buckler
rNeg    . . .      Spirit   .    b - +0 scale mail
rPois   .          Reflect  .    (no helmet)
rElec   .          Harm     .    (no cloak)
rCorr   .          Rampage  .    (no gloves)
Will    .....                    (no boots)
Stlth   ..........               (no amulet)
HPRegen 0.10/turn                (no ring)
MPRegen 0.08/turn                (no ring)

@: no status effects
A: demonic touch 2
a: no special abilities


You were on level 2 of the Dungeon.
You visited 1 branch of the dungeon, and saw 2 of its levels.

You collected 97 gold pieces.

Inventory:

Hand Weapons
 a - a +0 long sword (weapon)
Armour
 b - a +0 scale mail (worn)
 c - a +0 buckler (worn)
Scrolls
 e - a scroll of enchant armour {unknown}
 f - a scroll of enchant weapon {unknown}
 g - a scroll of fog {unknown}
 h - 2 scrolls of identify {unknown}
 i - 3 scrolls of vulnerability {unknown}
 j - a scroll of noise {unknown}
Potions
 d - a potion of might
 k - a potion of heal wounds {unknown}


   Skills:
 + Level 4.1 Fighting
 - Level 2.1 Long Blades
 - Level 2.9 Armour
 - Level 3.0 Shields


You had 2 spell levels left.
You didn't know any spells.
Your spell library was empty.

Dungeon Overview and Level Annotations

Branches:
Dungeon (2/15)

Altars:


Innate Abilities, Weirdness & Mutations

Your touch may inflict irresistible damage on your foes.


Message History

The gnoll hits you but does no damage.
There are monsters nearby!
You slash the gnoll!
The gnoll is almost dead.
The gnoll hits you with a +0 flail.
You slash the gnoll!
You kill the gnoll!
The gnoll barely misses you.
You hit the gnoll but do no damage. The gnoll hits you with a +0 whip.
You barely miss the gnoll. The gnoll hits you but does no damage.
You barely miss the gnoll. The gnoll closely misses you.
You barely miss the gnoll. The gnoll hits you with a +0 whip.
You block the gnoll's attack.
You barely miss the gnoll. The gnoll hits you with a +0 whip.
You hit the gnoll.
The gnoll is moderately wounded.
The gnoll hits you with a +0 whip.
You are too injured to fight recklessly!
You are too injured to fight recklessly!
You are too injured to fight recklessly!
You are too injured to fight recklessly!
You hit the gnoll.
The gnoll is severely wounded.
You block the gnoll's attack. The gnoll hits you with a +0 whip.
You slash the gnoll!
You kill the gnoll!
Your Fighting skill increases to level 4!
You hit the worm.
The worm is moderately wounded.
The worm barely misses you.
You hit the worm.
The worm is moderately wounded.
The worm bites you!
* * * LOW HITPOINT WARNING * * *
You slash the worm!
The worm is severely wounded.
You barely miss the worm.
The worm is severely wounded.
The worm bites you.
You die...

##. #.. #.#...# ###
....#. #.. #.#.. ##.#
#... ###..### #g.
.......### #w#
####.#...# #@#
###..#.#.#######.#
#...##...........#
...##..#.#######.....!.
..#.#..#.# #.######
.(###..#.# #.#
..###..#.# #.#
8..##..#.# #.# ....#
.#.# #..


You could see a worm and a gnoll.

Vanquished Creatures
  2 gnolls (D:2)
  3 orcs (D:2)
  2 ball pythons (D:1)
  2 bats (D:1)
  3 endoplasms (D:1)
  A giant cockroach (D:1)
  4 goblins
  5 hobgoblins
  2 jackals (D:1)
  A kobold (D:1)
  4 rats (D:1)
29 creatures vanquished.

Notes
Turn   | Place    | Note
-------+----------+-------------------------------------------
     0 | D:1      | BritishOli the Demonspawn Fighter began the quest for the
                  | Orb.
     0 | D:1      | Reached XP level 1. HP: 18/18 MP: 1/1
   268 | D:1      | Found a faded altar of an unknown god.
   280 | D:1      | Gained mutation: Your touch may inflict minor irresistible
                  | damage on your foes. [demonic ancestry]
   280 | D:1      | Reached XP level 2. HP: 24/24 MP: 2/2
  1024 | D:2      | Gained mutation: Your touch may inflict irresistible damage
                  | on your foes. [demonic ancestry]
  1024 | D:2      | Reached XP level 3. HP: 29/29 MP: 3/3
  1106 | D:2      | Reached skill level 4 in Fighting
  1107 | D:2      | HP: 1/30 [worm (9)]
  1109 | D:2      | Slain by a worm

Illustrated notes

Levels and vault maps discovered:
D:1:      lightli_arrival_noodles, layout_loops_ring,
          ebering_ecumenical_altar_sacrificial
D:2:      minmay_door_path, layout_basic, corexii_leaking_fountain, hex_tiny,
          guppyfry_early_orc_mine

Skill      XL: |  1  2  3 |
---------------+----------+-----
Long Blades    | 2 |  2.1
Shields        | 3 |  3.0
Fighting       | 4 |  4.1
Armour         | |  2.9

Action                   || total
-------------------------++-------
Melee: Long sword        ||    81
Armor: Scale mail        ||    36
Dodge: Dodged            ||    23
Block: Buckler           ||    18

Table legend: (Time is in decaauts)
 A = Elapsed time spent in this place.
 B = Non-inter-level travel time spent in this place.
 C = Inter-level travel time spent in this place.
 D = Time resting spent in this place.
 E = Time spent auto-exploring this place.
 F = Levels seen in this place.
 G = Mean time per level.
                   A        B        C        D        E       F      G
               +--------+--------+--------+--------+--------+-----+--------+
         Total |   1135 |   1102 |     33 |      0 |    926 |   2 |  567.5 |
       Dungeon |   1135 |   1102 |     33 |      0 |    926 |   2 |  567.5 |
               +--------+--------+--------+--------+--------+-----+--------+

Top non-repeatable levels by time:
     D:1: 1033 daAuts
     D:2: 102 daAuts
